 Dungeon Crawl Stone Soup version 0.20.1-1-g8b1a95d (webtiles) character file.

62727 theAP the Geomancer (level 15, -3/90 HPs)
             Began as a Gargoyle Earth Elementalist on Sept 11, 2017.
             Was the Champion of Sif Muna.
             Killed by divine providence
             ... invoked by a smoke demon
              (13 damage)
             ... on level 6 of the Lair of Beasts.
             The game lasted 01:36:19 (25540 turns).

theAP the Geomancer (Gargoyle Earth Elementalist)  Turns: 25540, Time: 01:36:19

Health: -3/90      AC: 26    Str: 14    XL:     15   Next: 7%
Magic:  12/39      EV: 11    Int: 20    God:    Sif Muna [******]
Gold:   1221       SH:  0    Dex:  6    Spells: 3/36 levels left

rFire    . . .     SeeInvis +   K - +4 quick blade (vamp)
rCold    . . .     Gourm    .   (no shield)
rNeg     + + +     Faith    +   x - +0 robe of Cowardice {+Fly rElec rN++ Dex-4}
rPois    ∞         Spirit   .   c - +2 hat
rElec    +         Reflect  .   u - +2 cloak
rCorr    .         Harm     .   t - +2 pair of gloves
MR       +....                  k - +2 pair of boots {Fly}
Stlth    +++.......             y - amulet of faith
Regen    0.3/turn               a - ring of magical power
MPRegen  0.3/turn               U - ring "Ifeado" {SInv Stlth+}

@: flying
A: big wings, rugged brown scales 1, blurry vision 1, mutation resistance 1,
negative energy resistance 1, electricity resistance, unbreathing, petrification
resistance, rot immunity, AC +11
a: Stop Flying, Divine Energy, Channel Magic, Forget Spell, Renounce Religion


You were on level 6 of the Lair of Beasts.
You worshipped Sif Muna.
Sif Muna was exalted by your worship.
You were not hungry.

You visited 3 branches of the dungeon, and saw 18 of its levels.
You also visited: Labyrinth.

You collected 1221 gold pieces.

Inventory:

Hand Weapons
 K - a +4 vampiric quick blade (weapon)
Missiles
 S - 38 stones (quivered)
Armour
 c - a +2 hat (worn)
 i - a +1 robe of positive energy
 k - a +2 pair of boots of flying (worn)
 t - a +2 pair of gloves (worn)
 u - a +2 cloak (worn)
 x - the +0 robe of Cowardice (worn) {+Fly rElec rN++ Dex-4}
   (You found it on level 9 of the Dungeon)

   It affects your dexterity (-4).
   It insulates you from electricity.
   It greatly protects you from negative energy.
   It lets you fly.
 B - a +2 robe of fire resistance
Magical Staves
 G - an uncursed staff of fire
 O - an uncursed staff of earth
 W - an uncursed staff of energy
Jewellery
 a - a ring of magical power (left hand)
 e - an uncursed amulet of the gourmand
 s - an uncursed ring of protection from magic
 y - an amulet of faith (around neck)
 E - an uncursed ring of protection from magic
 U - the ring "Ifeado" (right hand) {SInv Stlth+}
   (You took it off a minotaur in a labyrinth)

   [ring of stealth]

   It lets you see invisible.
   It makes you more stealthy.
 Y - an uncursed amulet of regeneration
Wands
 l - a wand of lightning (9/15)
 p - a wand of acid (5/15)
 q - a wand of iceblast (8/15)
 F - a wand of flame (30/48)
 L - a wand of enslavement (6/24)
 P - a wand of enslavement (18/24)
Scrolls
 h - 9 scrolls of amnesia
 n - 7 scrolls of fear
 o - a scroll of blinking
 C - 9 scrolls of remove curse
 D - 7 scrolls of teleportation
 I - a scroll of magic mapping
 J - 3 scrolls of fog
 Q - 4 scrolls of enchant armour
 R - a scroll of recharging
Potions
 g - a potion of resistance
 j - 2 potions of magic
 m - a potion of brilliance
 r - 4 potions of ambrosia
 w - 2 potions of might
 z - 4 potions of curing
 M - a potion of mutation
 N - a potion of invisibility
 X - a potion of agility
Books
 f - Sif Muna's Almanac of the Doomed Glacier
   (Sif Muna gifted it to you on level 9 of the Dungeon)

   Spells                             Type                      Level
   a - Regeneration                   Charms/Necromancy            3
   b - Throw Icicle                   Conjuration/Ice              4
   c - Ice Form                       Ice/Transmutation            4
   d - Animate Dead                   Necromancy                   4
   e - Control Undead                 Necromancy                   4
   f - Cigotuvi's Embrace             Necromancy                   5
   g - Haunt                          Necromancy/Summoning         7
 H - the Catalogue of the Glacier and Translocation
   (You found it in a labyrinth)

   Spells                             Type                      Level
   a - Force Lance                    Conjuration/Translocation    4
   b - Metabolic Englaciation         Hexes/Ice                    5
   c - Freezing Cloud                 Conjuration/Ice/Air          6
   d - Ozocubu's Refrigeration        Ice                          6
   e - Controlled Blink               Translocation                8
   f - Disjunction                    Translocation                8
 T - Sohis's Almanac of Venomous Stones
   (Sif Muna gifted it to you on level 11 of the Dungeon)

   Spells                             Type                      Level
   a - Sandblast                      Earth                        1
   b - Olgreb's Toxic Radiance        Poison                       4
   c - Bolt of Magma                  Conjuration/Fire/Earth       5
   d - Poison Arrow                   Conjuration/Poison           6
   e - Lehudib's Crystal Spear        Conjuration/Earth            8
   f - Shatter                        Earth                        9
Miscellaneous
 v - a phial of floods
Comestibles
 b - 3 royal jellies
 d - 12 bread rations
 A - 8 meat rations
 V - 3 fruits


   Skills:
 + Level 8.1 Fighting
 + Level 6.4 Short Blades
 - Level 5.6 Armour
 - Level 1.5 Dodging
 - Level 2.1 Stealth
 + Level 11.2 Spellcasting
 + Level 12.7 Conjurations
 - Level 4.4 Charms
 - Level 7.6 Necromancy
   Level 0.7 Transmutations
 + Level 14.2 Earth Magic
 - Level 3.7 Poison Magic
 - Level 2.5 Evocations


You had 3 spell levels left.
You knew the following spells:

 Your Spells              Type           Power        Failure   Level  Hunger
a - Sandblast             Erth           ######       1%          1    None
b - Stone Arrow           Conj/Erth      ######       1%          3    None
c - Lee's Rapid Deconstr  Erth           ######....   1%          5    ####...
d - Regeneration          Chrm/Necr      #####.....   1%          3    None
e - Excruciating Wounds   Chrm/Necr      #####.....   14%         5    ####...
f - Bolt of Draining      Conj/Necr      ######....   2%          5    ####...
g - Mephitic Cloud        Conj/Pois/Air  ####....     1%          3    None
h - Lehudib's Crystal Sp  Conj/Erth      ######....   83%         8    #######


Dungeon Overview and Level Annotations

Branches:
Dungeon (11/15)            Temple (1/1) D:5            Lair (6/6) D:9
 Shoals (0/4) Lair:3       Spider (0/4) Lair:3        Slime (0/5) Lair:5
    Orc (0/2) D:11

Altars:
Ashenzari
Cheibriados
Dithmenos
Fedhas
Gozag
Kikubaaqudgha
Makhleb
Okawaru
Qazlal
Ru
Sif Muna
Trog
Uskayaw
Vehumet
Yredelemnul
Zin
The Shining One
Jiyva

Shops:
D:11 (


Innate Abilities, Weirdness & Mutations

You are resistant to torment.
Your stone body is resilient. (AC +11)
You are immune to poison.
Your large and strong wings let you fly indefinitely.
You resist negative energy. (rN+)
You are resistant to electric shocks. (rElec)
You can survive without breathing.
You are immune to petrification.
You are immune to rotting.
You are partially covered in rugged brown scales. (AC +1, +3% HP)
Scrolls take you a little longer to read.
You are somewhat resistant to further mutation.


Message History

Sif Muna accepts your kill.
Casting: Stone Arrow
Confirm with . or Enter, or press ? or * to list all spells.
Aiming: Stone Arrow
Press: ? - help, Shift-Dir - straight line, f - hell hound
Aim: a hell hound (severely wounded, catching its breath)
The stone arrow hits the hell hound.
You kill the hell hound!
Sif Muna accepts your kill. The smoke demon gestures at you.
Something smites you!
* * * LOW HITPOINT WARNING * * *
Sif Muna accepts your kill.
You feel a bit more experienced.
An orange demon comes into view.
The smoke demon gestures at you. The sticky flame misses you.
The smoke demon gestures at you. Something smites you!
You die...

..♣♣..♣♣....♣♣♣.♣♣.......♣♣♣♣♣♣♣♣
♣.♣ ♣♣♣ .. ♣♣♣♣♣♣♣...♣♣ ♣ ♣♣♣♣ ♣
♣♣.♣♣♣ ♣ ♣♣.♣♣ ♣.♣♣ ♣ ....♣ ♣.♣♣
♣♣♣ ....♣ ♣♣..♣♣ ♣♣♣.. ♣♣..♣♣♣
♣♣....♣♣♣♣♣♣..♣♣ ♣♣♣...♣♣
♣♣♣...♣.......♣♣♣ ♣♣...♣♣♣♣
♣♣♣♣@.♣.♣♣♣♣...♣♣♣
♣♣♣....♣♣♣...♣♣♣..♣♣♣♣♣♣♣ ♣♣
♣♣♣...3†..♣♣ ♣♣..♣♣ ♣. #
♣♣♣4♣♣.♣♣ ♣♣..♣♣ ♣♣
#########'♣♣♣♣♣ ♣♣♣..♣♣ ♣
#........# ♣♣..♣..♣ ♣ '...8.84.#
♣..♣♣..♣♣ #..8.#.4.# ♣♣.♣♣♣♣..♣♣
#...8.#. # ♣♣..♣ ♣♣..♣♣♣ ♣


You could see an orange demon and a smoke demon.

Vanquished Creatures
  Gastronok (Lair:2)
  Kirke (Lair:5)
  Snorg (Lair:5)
  A minotaur (Lab)
  Josephine (D:10)
  A hell beast (Lair:6)
  8 hydras
  A centaur warrior (D:11)
  The ghost of Patate the Severer, a novice HOCK of Xom (D:8)
  Erica (D:10)
  6 two-headed ogres
  Urug (Lair:5)
  A wizard (Lair:6)
  An orc knight (D:11)
  An orc sorcerer (D:9)
  2 oklob plants (Lair:4)
  A manticore (D:11)
  A merfolk siren (Lair:3)
  3 black mambas
  5 elephants (Lair:4)
  2 cyclopes (D:11)
  An orange demon (Lair:6)
  A torpor snail (Lair:2)
  15 spiny frogs
  5 komodo dragons
  7 rime drakes
  2 ice devils (Lair:6)
  2 polar bears (Lair:4)
  A hornet (Lair:3)
  8 hippogriffs
  12 dream sheep
  12 blink frogs
  A wyvern (Lair:5)
  3 wraiths (D:10)
  33 yaks
  A hungry ghost (D:9)
  A basilisk (Lair:3)
  Eustachio (D:4)
  A steam dragon (D:10)
  17 water moccasins
  3 hell hounds (Lair:6)
  10 porcupines
  A sky beast (D:10)
  3 ice beasts
  3 orc warriors
  A phantom (D:7)
  6 ogres
  15 wolves
  4 boggarts (Lair:4)
  4 centaurs
  11 crocodiles
  2 gnoll sergeants
  12 bullfrogs
  6 scorpions
  A water moccasin skeleton (D:9)
  9 killer bees
  5 wights (D:7)
  7 jellies
  4 howler monkeys
  4 crimson imps
  A centaur zombie (D:8)
  The ghost of acidapple the Gusty, a weakling TeAE (D:3)
  7 hounds
  A quasit (D:7)
  4 bullfrog skeletons
  A gnoll shaman (D:6)
  9 orc priests
  A centaur skeleton (D:10)
  5 iguanas
  8 orc wizards
  Crazy Yiuf (D:2)
  8 hell rats (Lair:3)
  8 worker ants
  2 hound zombies
  A howler monkey skeleton (D:6)
  15 gnolls
  10 adders
  11 river rats (Lair:3)
  2 shadow imps
  5 oozes (D:10)
  An adder zombie (D:5)
  An adder skeleton (D:4)
  4 worms
  2 dart slugs
  4 leopard geckos
  31 orcs
  A ball python (D:3)
  7 giant cockroaches
  11 goblins
  8 hobgoblins
  3 jackals
  6 quokkas
  7 bats
  4 frilled lizards
  9 kobolds
  A leopard gecko zombie (D:6)
  19 rats
  A plant (Lair:4)
497 creatures vanquished.

Vanquished Creatures (collateral kills)
  An orange demon (Lair:6)
1 creature vanquished.

Vanquished Creatures (others)
  3 humans (Lair:5)
  12 fungi
15 creatures vanquished.

Grand Total: 513 creatures vanquished

Notes
Turn   | Place    | Note
-------+----------+-------------------------------------------
     0 | D:1      | theAP the Gargoyle Earth Elementalist began the quest for the Orb.
     0 | D:1      | Reached XP level 1. HP: 10/10 MP: 3/3
   134 | D:1      | Reached XP level 2. HP: 15/15 MP: 1/5
   516 | D:1      | Reached skill level 4 in Earth Magic
   768 | D:1      | Reached XP level 3. HP: 19/19 MP: 5/7
   922 | D:1      | Learned a level 3 spell: Stone Arrow
  1508 | D:2      | Reached XP level 4. HP: 24/24 MP: 4/8
  1925 | D:2      | Found a runed door.
  2254 | D:2      | Noticed Crazy Yiuf
  2257 | D:2      | Killed Crazy Yiuf
  2257 | D:2      | Reached skill level 1 in Conjurations
  2257 | D:2      | Reached skill level 5 in Earth Magic
  2257 | D:2      | Reached XP level 5. HP: 28/28 MP: 0/10
  2635 | D:3      | Noticed acidapple's ghost (weakling TeAE)
  2695 | D:3      | Killed acidapple's ghost
  3871 | D:3      | Reached XP level 6. HP: 24/32 MP: 6/11
  4384 | D:4      | Reached skill level 6 in Earth Magic
  4441 | D:4      | Reached XP level 7. HP: 36/36 MP: 5/13
  4454 | D:4      | Learned a level 5 spell: Lee's Rapid Deconstruction
  4464 | D:4      | Found a bloodstained altar of Trog.
  4878 | D:4      | Noticed Eustachio
  4908 | D:4      | Killed Eustachio
  4908 | D:4      | Reached skill level 5 in Spellcasting
  5212 | D:5      | Entered Level 5 of the Dungeon
  5270 | D:5      | Reached skill level 7 in Earth Magic
  5289 | D:5      | Reached XP level 8. HP: 41/41 MP: 9/15
  5315 | D:5      | Reached skill level 5 in Conjurations
  5556 | D:5      | Found a staircase to the Ecumenical Temple.
  5599 | Temple   | Entered the Ecumenical Temple
  5709 | Temple   | Became a worshipper of Sif Muna the Loreminder
  6159 | D:6      | Noticed a hippogriff
  6174 | D:6      | Killed a hippogriff
  6174 | D:6      | Reached * piety under Sif Muna
  6174 | D:6      | Reached skill level 8 in Earth Magic
  6179 | D:6      | Found a snail-covered altar of Cheibriados.
  6627 | D:6      | Reached XP level 9. HP: 45/45 MP: 4/18
  6782 | D:6      | Noticed a two-headed ogre
  6791 | D:6      | Killed a two-headed ogre
  6791 | D:6      | Reached ** piety under Sif Muna
  6791 | D:6      | Reached skill level 9 in Earth Magic
  6989 | D:6      | Found a hide-covered altar of Uskayaw.
  7071 | D:6      | Got an agate-encrusted chain mail
  7302 | D:7      | Found a radiant altar of Vehumet.
  7306 | D:7      | You are sucked into a shaft!
  7323 | D:8      | Noticed Patate's ghost (novice HOCK)
  7593 | D:7      | Reached *** piety under Sif Muna
  7728 | D:8      | Reached skill level 10 in Earth Magic
  7775 | D:8      | Reached XP level 10. HP: 37/50 MP: 17/21
  7827 | D:8      | Noticed a two-headed ogre
  7837 | D:8      | Killed a two-headed ogre
  7960 | D:8      | Killed Patate's ghost
  7960 | D:8      | Reached **** piety under Sif Muna
  8291 | D:8      | Noticed a two-headed ogre
  8297 | D:8      | Killed a two-headed ogre
  8297 | D:8      | Reached skill level 11 in Earth Magic
  8628 | D:9      | Reached skill level 1 in Evocations
  8728 | D:8      | Reached skill level 10 in Conjurations
  8728 | D:8      | Reached XP level 11. HP: 38/54 MP: 0/24
  9009 | D:9      | Got a heavy robe
  9022 | D:9      | Identified the +0 robe of Cowardice {+Fly rElec rN++ Dex-4} (You found it on level 9 of the Dungeon)
  9067 | D:9      | Reached ***** piety under Sif Muna
  9309 | D:9      | Identified Sif Muna's Almanac of the Doomed Glacier (Sif Muna gifted it to you on level 9 of the Dungeon)
  9309 | D:9      | Received a gift from Sif Muna
  9317 | D:9      | Learned a level 3 spell: Regeneration
  9676 | D:9      | Noticed an orc sorcerer
  9681 | D:9      | Killed an orc sorcerer
  9681 | D:9      | Reached skill level 1 in Fighting
  9681 | D:9      | Reached skill level 1 in Necromancy
  9749 | D:9      | Identified a scroll of acquirement
  9749 | D:9      | Identified the Reference Book on Helpful Evil (You acquired it on level 9 of the Dungeon)
  9760 | D:9      | Learned a level 5 spell: Excruciating Wounds
  9766 | D:9      | Learned a level 5 spell: Bolt of Draining
  9865 | D:9      | Reached XP level 12. HP: 60/60 MP: 25/25
  9973 | D:9      | Found a staircase to the Lair.
 10134 | D:10     | Entered Level 10 of the Dungeon
 10216 | D:10     | Identified Sif Muna's Tome of Warped Weightlessness (Sif Muna gifted it to you on level 10 of the Dungeon)
 10216 | D:10     | Received a gift from Sif Muna
 10216 | D:10     | Reached skill level 1 in Short Blades
 10230 | D:10     | Learned a level 3 spell: Mephitic Cloud
 10536 | D:10     | Noticed a two-headed ogre
 10678 | D:10     | Noticed a two-headed ogre
 10684 | D:10     | Killed a two-headed ogre
 10684 | D:10     | Reached skill level 1 in Charms
 10724 | D:10     | Killed a two-headed ogre
 10724 | D:10     | Reached skill level 12 in Earth Magic
 11150 | D:10     | Gained mutation: You are partially covered in rugged brown scales. (AC +1, +3% HP) [mutagenic meat]
 11151 | D:10     | Gained mutation: You are somewhat resistant to further mutation. [mutagenic meat]
 11152 | D:10     | Gained mutation: Scrolls take you a little longer to read. [mutagenic meat]
 12003 | D:10     | Noticed Erica
 12014 | D:10     | Killed Erica
 12472 | D:10     | Noticed Josephine
 12495 | D:10     | Killed Josephine
 12671 | D:11     | Noticed a five-headed hydra
 12677 | D:11     | Killed a five-headed hydra
 13092 | D:11     | Reached XP level 13. HP: 72/72 MP: 8/26
 13175 | D:11     | Reached skill level 1 in Armour
 13271 | D:11     | Found a staircase to the Orcish Mines.
 13274 | D:11     | Found Olif's Weapon Boutique.
 13467 | D:11     | Reached skill level 1 in Poison Magic
 13743 | D:11     | Received a gift from Sif Muna
 13743 | D:11     | Reached skill level 10 in Spellcasting
 13746 | D:11     | Identified Sohis's Almanac of Venomous Stones (Sif Muna gifted it to you on level 11 of the Dungeon)
 14489 | Lair:1   | Entered Level 1 of the Lair of Beasts
 14518 | Lair:1   | Found a labyrinth entrance.
 14529 | Lab      | Entered a labyrinth
 15434 | Lab      | Noticed a minotaur
 15447 | Lab      | Killed a minotaur
 15449 | Lab      | Got a scintillating steel ring
 15475 | Lab      | Identified the Catalogue of the Glacier and Translocation
 15731 | Lab      | Identified the ring "Ifeado" {SInv Stlth+} (You took it off a minotaur in a labyrinth)
 16981 | Lair:2   | Noticed Gastronok
 17206 | Lair:2   | Killed Gastronok
 17206 | Lair:2   | Reached skill level 5 in Fighting
 17984 | Lair:2   | Reached skill level 13 in Earth Magic
 17986 | Lair:2   | Reached skill level 5 in Armour
 18984 | Lair:3   | Found a hole to the Spider Nest.
 19477 | Lair:3   | Identified Sif Muna's Grimoire of Unstable Venom (Sif Muna gifted it to you on level 3 of the Lair of Beasts)
 19477 | Lair:3   | Received a gift from Sif Muna
 19477 | Lair:3   | Gained mutation: Your large and strong wings let you fly indefinitely. [Gargoyle growth]
 19477 | Lair:3   | Reached XP level 14. HP: 72/80 MP: 24/28
 19759 | Lair:3   | Found a staircase to the Shoals.
 19909 | Lair:3   | Learned a level 8 spell: Lehudib's Crystal Spear
 20220 | Lair:4   | Reached ****** piety under Sif Muna
 20696 | Lair:4   | Reached skill level 5 in Short Blades
 21999 | Lair:5   | Noticed Urug
 22009 | Lair:5   | Killed Urug
 22760 | Lair:5   | Noticed Snorg
 22761 | Lair:5   | Noticed Kirke
 22826 | Lair:5   | Killed Kirke
 22997 | Lair:5   | Killed Snorg
 23175 | Lair:5   | Found a viscous altar of Jiyva.
 23176 | Lair:5   | Found a staircase to the Slime Pits.
 23358 | Lair:6   | Entered Level 6 of the Lair of Beasts
 23665 | Lair:5   | Received a gift from Sif Muna
 24698 | Lair:6   | Noticed a dire elephant
 24922 | Lair:6   | Reached skill level 14 in Earth Magic
 25409 | Lair:6   | Reached XP level 15. HP: 90/90 MP: 24/30
 25540 | Lair:6   | Killed from afar by a smoke demon

Skill      XL: |  1  2  3  4  5  6  7  8  9 10 11 12 13 14 15 |
---------------+----------------------------------------------+-----
Earth Magic    | 4 5 6 7 8 10 11 12 13 14 | 14.2
Spellcasting   | 3 4 5 6 7 9 10 11 | 11.2
Conjurations   | 1 2 3 4 6 8 10 11 12 | 12.7
Evocations     | 2 |  2.5
Fighting       | 1 4 5 7 8 |  8.1
Necromancy     | 7 |  7.6
Short Blades   | 3 4 6 |  6.4
Charms         | 2 4 |  4.4
Armour         | 5 |  5.6
Poison Magic   | 3 |  3.7
Dodging        | |  1.5
Stealth        | |  2.1
Transmutations | |  0.7

Action                   |  1- 3 |  4- 6 |  7- 9 | 10-12 | 13-15 || total
-------------------------+-------+-------+-------+-------+-------++-------
Melee: Unarmed           |       |   133 |    18 |     6 |       ||   157
       Quick blade       |       |       |       |    50 |   373 ||   423
 Cast: Sandblast         |    47 |    31 |    91 |    78 |    39 ||   286
       Stone Arrow       |     4 |    41 |    54 |   202 |   464 ||   765
       Mephitic Cloud    |       |       |       |     4 |    17 ||    21
       Bolt of Draining  |       |       |       |     3 |    27 ||    30
       Lee's Rapid Decon |       |       |       |     1 |     2 ||     3
       Excruciating Woun |       |       |       |       |     2 ||     2
       Regeneration      |       |       |       |       |     1 ||     1
 Abil: Stop Flying       |       |       |       |       |     1 ||     1
Evoke: Phantom mirror    |       |       |       |       |     1 ||     1
       Staff of energy   |       |       |       |       |     6 ||     6
       Wand              |       |       |       |       |     3 ||     3
  Use: Scroll            |       |    10 |     8 |     8 |    13 ||    39
       Potion            |       |       |     2 |     4 |     3 ||     9
 Stab: Distracted        |       |       |       |       |     1 ||     1
       Sleeping          |       |       |       |       |     1 ||     1
       Confused          |       |       |       |       |     2 ||     2
  Eat: Chunk             |     3 |    14 |    12 |    20 |       ||    49
       Fruit             |       |       |       |    10 |    14 ||    24
       Royal jelly       |       |       |       |       |    15 ||    15
Armor: Robe              |     5 |    56 |    27 |    69 |   356 ||   513
Dodge: Dodged            |    14 |   107 |    47 |    86 |   319 ||   573
